[Event "AUT Bundesliga Women 2021-22"]
[Site "Austria"]
[Date "2022.04.23"]
[Round "9.9"]
[White "Paehtz, Elisabeth"]
[Black "Frey, Alisa"]
[Result "1-0"]
[ECO "C77"]
[WhiteElo "2500"]
[BlackElo "2036"]
[Annotator "TA"]
[PlyCount "71"]
[EventDate "2021.11.06"]
[EventType "team-tourn"]
[EventCountry "AUT"]
[SourceTitle "playchess.com"]
[Source "ChessBase"]
[SourceQuality "1"]
[TimeControl "40/5400+30:1800+30"]

1. e4 e5 2. Nf3 Nc6 3. Bb5 a6 4. Ba4 Nf6 5. Qe2 b5 6. Bb3 Bc5 7. c3 d6 8. d3 O-O {[%emt 0:05:59] was the old line (8...h6).} 9. h3 {[%emt 0:00:24] C77: Ruy Lopez: 3...a6 4 Ba4 Nf6, unusual lines.} Be6 10. Bc2 {[%emt 0:00:06] [#]} d5 $146 ({Predecessor:} 10... Re8 11. O-O h6 12. Rd1 Bb6 13. Nbd2 d5 14. Nf1 Qd7 15. Kh2 Rad8 16. Ng3 Qe7 {1-0 (36) Bortnyk,O (2610)-Sargissian,G (2672) Riadh 2017}) 11. Ng5 {[%emt 0:07:09] The position is equal.} Bd7 (11... dxe4 $11 12. Nxe6 fxe6) 12. exd5 $1 $14 Ne7 13. Ne4 $1 Nxe4 14. dxe4 f5 15. Nd2 Bb6 16. O-O Ng6 17. Nf3 f4 18. b3 (18. a4 $16) 18... Nh4 $1 19. Ba3 ({White should play} 19. c4 $14) 19... Nxf3+ $11 20. Qxf3 Rf6 21. c4 $36 {[%emt 0:02:14][%mdl 2048] And now c5 would win. White is more active.} Bd4 (21... Rg6 $11 {keeps the balance.} 22. c5 Qh4 23. cxb6 Bxh3) 22. Rad1 $16 {[%emt 0:00:05][%cal Od1d4] Rxd4! is the strong threat.} Rg6 $2 {[%emt 0:00:38][%mdl 8192] [#] Black cannot hold the game after this.} (22... c5 $16 {is more resistant.}) 23. Rxd4 $1 $18 exd4 24. e5 Rg5 25. e6 Be8 26. Qxf4 Qf6 {[%emt 0:05:33] Prevents Qf8+.} 27. Qxf6 gxf6 28. Bb2 Re5 29. Bxd4 Re2 30. Rc1 Bg6 (30... bxc4 $142 31. bxc4 Bg6) 31. Bxg6 hxg6 32. cxb5 axb5 33. Rxc7 Rexa2 34. Bxf6 {[%emt 0:00:44] White mates.} R2a6 35. Rg7+ Kf8 36. Rh7 {[%emt 0:00:25] Weighted Error Value: White=0.28 (precise) /Black=0.82} 1-0

[Event "AUT Bundesliga Women 2021-22"]
[Site "Austria"]
[Date "2022.04.23"]
[Round "9.10"]
[White "Zechner, Andrea"]
[Black "Unuk, Laura"]
[Result "0-1"]
[ECO "E46"]
[WhiteElo "1851"]
[BlackElo "2356"]
[Annotator "TA"]
[PlyCount "94"]
[EventDate "2021.11.06"]
[EventType "team-tourn"]
[EventCountry "AUT"]
[SourceTitle "playchess.com"]
[Source "ChessBase"]
[SourceQuality "1"]
[TimeControl "40/5400+30:1800+30"]

1. d4 Nf6 2. c4 e6 3. Nc3 Bb4 4. e3 O-O 5. Nge2 d5 6. a3 Be7 7. Ng3 c6 {[%emt 0:03:08] E46: Nimzo-Indian: Rubinstein: 4 e3 0-0 5 Ne2 without early Bd3.} 8. Bd3 Re8 9. O-O Nbd7 {[%emt 0:06:12][%cal Bb8d7,Bd7e5,Be5c6,Bc6d4,Bd4b3][%mdl 32] [#] The position is equal.} 10. Re1 $146 ({Predecessor:} 10. Bd2 e5 11. cxd5 cxd5 12. Qb3 e4 13. Bb5 a6 14. Bxd7 Qxd7 15. Na4 Rb8 16. Nb6 {½-½ (31) Popov,V (2589)-Iotov,V (2491) Dresden 2007}) 10... e5 11. cxd5 cxd5 12. dxe5 Nxe5 13. Be2 Be6 14. Nb5 Qb6 (14... a6 $11 {remains equal.} 15. Nd4 Bd7) 15. Qd4 $1 $16 Qxd4 16. exd4 Nc6 17. Nc7 Nxd4 18. Nxe8 Nxe8 19. Bd3 {[%emt 0:04:35] Against Nc2} Nb3 20. Rb1 Nd6 21. Bf4 Nc5 22. Bc2 Nc4 23. Bc1 Rd8 {[%emt 0:05:56] [#]} 24. b3 $1 Nb6 25. Rd1 (25. Nf5 $16 Bf6 26. Be3) 25... d4 $11 26. b4 Nca4 (26... d3 $2 27. bxc5 dxc2 28. Rxd8+ Bxd8 29. Rb2 $18) 27. Bb2 ({Don't play} 27. Nf5 Bf6 28. Bd2 {[#]} Nc4 $1 29. Nxg7 Kxg7 30. Bxa4 d3 $17) (27. Bd2 $11) 27... Nxb2 28. Rxb2 Nc4 29. Rb3 Ne5 30. Rb2 d3 {[%emt 0:04:36] Strongly threatening ...Nc4.} 31. Bb3 Nc4 $36 {[%emt 0:01:18][%mdl 2048] Black fights for an advantage.} 32. Bxc4 Bxc4 33. Ne4 (33. Nf1 $11) 33... f5 $1 $15 {[%emt 0:02:50][%mdl 1024] Black has compensation.} 34. Nd2 b5 ({Black should play} 34... Bb5 $15) 35. Rbb1 $11 Bf6 36. Nf1 (36. Rbc1 $11 Bb2 37. Rxc4 bxc4 38. Nxc4) 36... Re8 $17 {[%emt 0:09:35] 0x0.00299f40ae99dp-1022s more active pieces.} 37. Nd2 Re2 {[%emt 0:00:59] Threatens to win with ...Bd4.} 38. a4 $2 {[%emt 0:00:15] Loses the game.} (38. Rbc1 $17 Bb2 39. Rxc4 bxc4 40. Nxc4) 38... Bd4 $19 39. axb5 Bxb5 {[%emt 0:00:18] A strong pair of Bishops.} 40. Nf3 Bxf2+ 41. Kh1 Be3 {[%emt 0:04:09] Prevents Rbc1. ...g5 is the strong threat.} 42. h3 $2 (42. h4) 42... g5 43. Kh2 (43. Re1 $142) 43... g4 44. Ng1 Bf4+ 45. Kh1 Rf2 {[%emt 0:00:53] ( -> ...Bc6)} 46. Ra1 Bc6 47. Rxd3 Bxg2# {[%emt 0:00:06] Weighted Error Value: White=0.47/Black=0.10 (very precise)} 0-1

[Event "AUT Bundesliga Women 2021-22"]
[Site "Austria"]
[Date "2022.04.23"]
[Round "9.11"]
[White "Imnadze, Nato"]
[Black "Mattersberger, Melanie"]
[Result "1-0"]
[ECO "C87"]
[WhiteElo "2266"]
[BlackElo "1763"]
[Annotator "TA"]
[PlyCount "53"]
[EventDate "2021.11.06"]
[EventType "team-tourn"]
[EventCountry "AUT"]
[SourceTitle "playchess.com"]
[Source "ChessBase"]
[SourceQuality "1"]
[TimeControl "40/5400+30:1800+30"]

1. e4 e5 2. Nf3 Nc6 3. Bb5 a6 4. Ba4 Nf6 5. O-O Be7 6. Re1 d6 7. c3 Bg4 8. d3 b5 9. Bc2 O-O 10. h3 Bh5 11. Nbd2 Re8 {[%emt 0:04:08] C77: Ruy Lopez: 3...a6 4 Ba4 Nf6, unusual lines.} 12. Nf1 h6 13. Ng3 Bg6 $1 {[%emt 0:07:10] White is slightly better.} 14. Nh4 Bh7 15. Nhf5 Bf8 16. Qf3 {[%emt 0:01:07] White is more active.} d5 (16... Nb8 $142) 17. exd5 $16 Qxd5 {[%emt 0:02:48] [#]} (17... Na5 $16 18. Ne3 Nb7) 18. Nxh6+ $1 $18 gxh6 19. Qxf6 {[%emt 0:00:14] [#]} Re6 $146 ({Predecessor:} 19... Bg7 20. Qh4 Bxd3 21. Bxd3 Qxd3 22. Bxh6 Bxh6 23. Qxh6 Re6 24. Qh5 Ne7 25. Qg5+ Qg6 26. Rxe5 Nc6 27. Qxg6+ Rxg6 28. Rc5 Rd8 29. Ne4 Kg7 30. Re1 {1-0 (30) Barroso Napoles,A (2044)-Mandina Verdecia,Y (1833) Havana 2010}) 20. Qh4 Bxd3 21. Bb3 Bc4 {[%emt 0:01:27] [#]} 22. Rd1 $1 Bxb3 23. Rxd5 Bxd5 24. Nf5 Kh7 (24... Rg6 $142) 25. Ne3 Rd8 (25... Bc4 $142 26. Nxc4 bxc4 27. Qxc4 Rd8) 26. Nxd5 Rxd5 27. Qe4+ {[%emt 0:00:03] Black did not feel at home in the position after the opening.  Weighted Error Value: White=0.00 (flawless) /Black=0.41} 1-0

[Event "AUT Bundesliga Women 2021-22"]
[Site "Austria"]
[Date "2022.04.23"]
[Round "9.12"]
[White "Majkovski, Sarah"]
[Black "Trippold, Denise"]
[Result "0-1"]
[ECO "B48"]
[WhiteElo "1652"]
[BlackElo "2068"]
[Annotator "TA"]
[PlyCount "80"]
[EventDate "2021.11.06"]
[EventType "team-tourn"]
[EventCountry "AUT"]
[SourceTitle "playchess.com"]
[Source "ChessBase"]
[SourceQuality "1"]
[TimeControl "40/5400+30:1800+30"]

1. e4 c5 2. Nf3 e6 3. d4 cxd4 4. Nxd4 Nc6 5. Nc3 Qc7 6. Be3 a6 7. f3 {[%emt 0:00:10] 7.g4 is a critical line.} Nf6 8. Qd2 Be7 {[%emt 0:00:57] B48: Sicilian: Taimanov: 5 Nc3 Qc7 6 Be3 a6 without Be2.} 9. O-O-O b5 10. Nxc6 dxc6 {[%emt 0:00:33] The position is equal.} 11. g4 e5 12. g5 (12. h4 $14) 12... Nh5 $11 13. Qf2 O-O 14. h4 Be6 15. Bb6 Qb7 16. Bh3 Bxh3 17. Rxh3 {[%emt 0:00:41] [#]} a5 $146 ({Predecessor:} 17... Nf4 18. Rh2 a5 19. Rd2 Bb4 20. Bc5 Bxc3 21. bxc3 b4 22. c4 a4 23. Bxf8 b3 24. cxb3 axb3 {1-0 (31) Szalanczy,E (2114)-Nemeth,Z (1989) Budapest 2020}) 18. Rh2 a4 {[%emt 0:02:08] White must now prevent ...b4.} 19. Bc5 b4 ({Better is} 19... Nf4 $17) 20. Nb1 (20. Ne2 $11) 20... Nf4 $17 21. Bxe7 (21. Be3 $17) 21... Qxe7 $19 22. Qg1 (22. Qe3 {was necessary.}) 22... c5 23. Qg4 $2 (23. Nd2) 23... c4 24. h5 $2 (24. Qd7 Qc5 25. Qd6 Nd3+ 26. Rxd3 Qg1+ 27. Rd1 Qxh2 28. Qxb4) 24... b3 25. a3 bxc2 26. Kxc2 Qb7 (26... Nd3 $142 27. Nd2 Rfd8) 27. Nd2 $2 (27. Nc3 Nd3 28. Kb1) 27... Rab8 {[%emt 0:00:48][%csl Gb8][%cal Rb7b2] [#]} 28. Rb1 c3 29. bxc3 Qa6 30. Qd7 {[%emt 0:01:37] Against Qd3+} Rbd8 $2 (30... Rxb1 $19 {and Black stays clearly on top.} 31. Kxb1 Rb8+ 32. Kc1 Qb6) 31. Qb5 $17 {[%emt 0:00:37] Prevents Rfb8.} Qd6 $36 {[%emt 0:00:02][%mdl 2048] Hoping for ...Rb8. Black is on the roll. Dancing on a razor blade.} 32. Nc4 $2 {[%emt 0:00:24][%mdl 8192] [#] Loses the game.} (32. g6 $17) 32... Qd3+ {[%emt 0:00:19] Black mates.} 33. Kb2 Rb8 34. Ka1 Rxb5 35. Rxb5 Qxc4 36. Rhb2 Qxc3 37. Kb1 Nd3 38. Rc2 Qe1+ 39. Ka2 Nc1+ 40. Kb2 Nb3 {[%emt 0:00:08] Weighted Error Value: White=0.65/Black=0.44} 0-1

[Event "AUT Bundesliga Women 2021-22"]
[Site "Austria"]
[Date "2022.04.23"]
[Round "9.13"]
[White "Stangl, Anita"]
[Black "Rozman, Monika"]
[Result "0-1"]
[ECO "B90"]
[WhiteElo "1991"]
[BlackElo "2115"]
[Annotator "TA"]
[PlyCount "74"]
[EventDate "2021.11.06"]
[EventType "team-tourn"]
[EventCountry "AUT"]
[SourceTitle "playchess.com"]
[Source "ChessBase"]
[SourceQuality "1"]
[TimeControl "40/5400+30:1800+30"]

1. e4 c5 2. Nf3 d6 3. d4 cxd4 4. Nxd4 Nf6 5. Nc3 a6 6. Bc4 e6 7. a3 Be7 8. O-O O-O 9. Nde2 {[%emt 0:00:06] B86: Sicilian Scheveningen/Najdorf: 6 Bc4, without early ...b5.} b5 10. Ba2 Bb7 11. Ng3 {[%emt 0:00:07] Black is slightly better.} Nbd7 12. f4 (12. Be3) 12... Rc8 13. Qe2 Nb6 14. f5 e5 15. Bg5 Nc4 {[%emt 0:04:47] [#]} 16. Nd1 $146 {[%emt 0:12:06] [#]} (16. Bxc4 $11 {remains equal.} Rxc4 17. Rad1) ({Predecessor:} 16. Bxc4 Rxc4 17. Rad1 Rd4 18. Bxf6 Bxf6 19. Nh5 Qe7 20. Rd3 Kh8 21. Rh3 g6 22. Qf3 {0-1 (32) Brozyna,M (2173)-Belous,M (2299) Krakow 2019}) 16... Re8 (16... Nxe4 $1 $17 17. Bxe7 Nxg3 18. hxg3 Qxe7 19. Bxc4 bxc4) 17. c3 $2 {[%emt 0:05:43] [#]} (17. Bxf6 $11 {and White has nothing to worry.} Bxf6 18. Bxc4 Rxc4 19. Ne3) 17... Nxe4 $1 $19 18. Bxe7 Nxg3 ({Black should play} 18... Qb6+ $19 19. Kh1 Nxg3+ 20. hxg3 Rxe7) 19. hxg3 $17 Qxe7 20. f6 gxf6 {[%emt 0:04:38] Black is more active.} 21. Ne3 (21. Bxc4 $142 Rxc4 22. Ne3) 21... Nxe3 22. Qxe3 {[%emt 0:01:21] [#]} d5 (22... Kh8 $142 $1 23. a4 b4 24. cxb4 Rg8) 23. Qh6 Qf8 24. Qxf6 Rc6 $36 {[%emt 0:01:39][%mdl 2048] Keeping White busy.} 25. Qf3 e4 ({But not} 25... Qc5+ $6 26. Rf2 Rc7 27. Rd1 $11) 26. Qf5 Rg6 27. g4 (27. Rae1 $17) 27... Rd8 $19 28. Rf4 (28. Qe5 {is a better defense.}) 28... Bc8 29. Qh5 (29. Qe5 $142) 29... Be6 ({Stronger than} 29... Qd6 30. g3 $19) (29... Qc5+ $142 30. Rf2 Bxg4) 30. Rd1 Rd7 31. Rd4 Qh6 32. Qe5 {[%emt 0:01:38] [#]} (32. Qxh6 $17 Rxh6 33. a4) 32... Qg5 ({Inferior is} 32... Rxg4 33. Rxg4+ Bxg4 34. Bxd5 $11) (32... Rg5 $1 $19 33. Qf6 Qxf6 34. Rxf6 Rxg4) 33. Qb8+ {[%emt 0:02:28][%mdl 8192] White does not recover from this.} (33. Qxg5 $17 Rxg5 34. Bb3) 33... Kg7 34. a4 Bxg4 {[%emt 0:04:48] ( -> ...Be2)} 35. Rxg4 Qxg4 36. Qe5+ f6 37. Qh2 Qe2 {[%emt 0:05:14] Weighted Error Value: White=1.21/Black=0.25 (precise)} 0-1

[Event "AUT Bundesliga Women 2021-22"]
[Site "Austria"]
[Date "2022.04.23"]
[Round "9.14"]
[White "Urh, Zala"]
[Black "Anker, Christin"]
[Result "1-0"]
[ECO "D02"]
[WhiteElo "2284"]
[BlackElo "1843"]
[Annotator "TA"]
[PlyCount "95"]
[EventDate "2021.11.06"]
[EventType "team-tourn"]
[EventCountry "AUT"]
[SourceTitle "playchess.com"]
[Source "ChessBase"]
[SourceQuality "1"]
[TimeControl "40/5400+30:1800+30"]

1. d4 d5 2. Nf3 Nf6 3. Bf4 c6 4. e3 Bg4 5. Nbd2 e6 6. Be2 {[%emt 0:05:40] D02: 1 d4 d5 2 Nf3 sidelines, including 2...Nf6 3 g3 and 2...Nf6 3 Bf4.} Be7 7. h3 Bh5 8. g4 {[%emt 0:12:44] White is slightly better.} Bg6 9. Ne5 Nbd7 {[%emt 0:07:55] [#]} ({Black should try} 9... Nfd7 $14) 10. h4 $146 ({Predecessor:} 10. Nxg6 hxg6 11. f3 Nb6 12. Be5 Kf8 13. f4 Nbd7 14. Nf3 Nxe5 15. Nxe5 Nd7 16. Nf3 {½-½ (37) Recacha Delgado,R (1080)-Bernat Mor,J (1333) Barcelona 2019}) 10... h6 (10... Nxe5 11. dxe5 Nxg4) 11. Nxg6 fxg6 12. Bd3 $36 {[%emt 0:02:40][%mdl 2048] White is on the roll.} Nf8 13. Qf3 {[%emt 0:08:31] White is more active.} Qd7 14. g5 hxg5 15. hxg5 Rxh1+ 16. Qxh1 Ne4 17. Nxe4 dxe4 18. Bxe4 ({Resist} 18. Qxe4 Qd5 19. Ke2 Rd8) 18... O-O-O 19. O-O-O Bd6 20. Qh2 Bxf4 21. Qxf4 Qe7 22. Qe5 Qf7 23. f4 Re8 24. Rd3 Qc7 25. Qc5 Qb6 26. Qa3 Kb8 27. Rb3 Qc7 28. Qa4 {[%emt 0:03:42] [#] Threatens to win with Bxc6.} Rc8 29. Ra3 a6 30. Qb4 {[%emt 0:04:48] Strongly threatening Rxa6.} Ka7 31. c4 Rd8 32. c5 Rc8 33. Qc4 Qf7 34. b4 Qc7 35. Rb3 Kb8 36. a4 {[%emt 0:00:20] Hoping for b5.} Qd7 37. Kb2 Kc7 38. b5 axb5 39. axb5 Kd8 40. bxc6 bxc6 41. Qa6 {[%emt 0:30:50] White threatens Rb7 and mate.} Ke7 42. Rb7 {[%emt 0:01:49] White mates.} Rc7 43. Bxc6 Rxb7+ 44. Qxb7 Qxb7+ 45. Bxb7 Kd7 46. Kc3 Kc7 47. Be4 Kd7 48. Kc4 {[%emt 0:00:00] Black did not feel at home in the position after the opening.  Weighted Error Value: White=0.04 (flawless) /Black=0.41} (48. Kb4 $142 Kc7 49. Kb5 Nh7 50. Bxg6 Nf8 51. Bd3 Kd8 52. c6 Kc8 53. Kb6) 1-0

[Event "AUT Bundesliga Women 2021-22"]
[Site "Austria"]
[Date "2022.04.23"]
[Round "9.15"]
[White "Kimpel, Janine"]
[Black "Hercog, Nusa"]
[Result "0-1"]
[ECO "B13"]
[WhiteElo "1843"]
[BlackElo "1989"]
[Annotator "TA"]
[PlyCount "96"]
[EventDate "2021.11.06"]
[EventType "team-tourn"]
[EventCountry "AUT"]
[SourceTitle "playchess.com"]
[Source "ChessBase"]
[SourceQuality "1"]
[TimeControl "40/5400+30:1800+30"]

1. e4 c6 2. d4 d5 3. exd5 cxd5 4. Bd3 Nc6 5. c3 Qc7 6. Ne2 Bg4 7. f3 Bd7 8. Bf4 e5 {[%emt 0:05:57] B13: Caro-Kann: Exchange Variation and Panov-Botvinnik Attack.} 9. dxe5 Nxe5 10. Bc2 Nf6 $1 {[%emt 0:08:15] The position is equal. The main line 10...Nf6 scores better than 10...Bd6.} 11. Nd2 {[%emt 0:11:46] [#]} h6 $146 ({Predecessor:} 11... Bd6 12. O-O O-O 13. Kh1 h6 14. Nd4 Rfe8 15. Nf5 Bxf5 16. Bxf5 Rad8 17. Qa4 a6 {1-0 (40) Gitelson,A (2214)-Cuevas,A (2268) Chess.com INT 2021}) 12. Nb3 (12. O-O {seems wilder.} Bd6 13. Nb3 O-O 14. Nbd4) 12... Bd6 13. Qd2 a5 (13... Nc4 $5 14. Bxd6 Qxd6 $11) 14. Nbd4 Nh5 (14... O-O $11) 15. Bxe5 $14 Bxe5 16. O-O-O O-O 17. Qd3 {[%emt 0:01:58][%csl Gc2][%cal Rd3h7] Prevents b5.} Nf6 {[%emt 0:04:44] Against Qh7+} 18. g4 Bxh2 19. Nf5 $2 {[%emt 0:02:41] Pair of Knights!} (19. Qd2 $16) 19... Rfe8 $17 20. Kb1 Bxf5 21. gxf5 Kh7 ({Better is} 21... Bf4 $17 {Strongly threatening ...Re3.} 22. Nxf4 Qxf4) 22. Rdf1 (22. Qd2 $11 {remains equal.}) 22... Bd6 {[%emt 0:01:11] &Nero is more active.} 23. Bb3 $2 ({White should try} 23. Ba4 $15) 23... Qc5 (23... a4 $19 {and Black stays clearly on top.} 24. Bc2 a3 25. bxa3 Rxa3) 24. Ba4 Re3 25. Qd2 b5 26. Bxb5 {[%emt 0:01:55][%mdl 8192] [#]} a4 $2 (26... Qxb5 $1 $19 27. Qxe3 Re8) 27. Bd3 (27. Nd4 $11 {keeps the balance.} Bf4 28. Rh4) 27... Rb8 $36 {[%emt 0:01:09][%mdl 2048] ...Qb6 is the strong threat. Black is really pushing. Black keeps a firm grip on the game.} 28. Bc2 $2 (28. Rfg1 $17) 28... Qb5 $19 {[%emt 0:00:48][%csl Gb8][%cal Rb5b2] Chess con chili.} 29. Bd1 {[%emt 0:00:25] [#]} (29. Bxa4 $142 Qxe2 30. Qxe2 Rxe2 31. Bb3) 29... Ba3 $1 30. b3 {[%emt 0:02:30] [#]} (30. b4 Rd3) 30... axb3 $1 31. axb3 Bc5 32. Nd4 $2 (32. Nc1) 32... Bxd4 ({Don't go for} 32... Rd3 $2 33. Nxb5 Rxd2 34. Nd4 $19) 33. Qxd4 Rd3 34. Qb4 Qe8 ({Avoid the trap} 34... Qxb4 $2 35. cxb4 Rxb4 36. Rfg1 $19) 35. Qa3 Rxc3 {[%emt 0:00:19] Threatens to win with ...Qe3.} 36. Re1 Re3 (36... Qb5 $142 {( -> ...Qd3+)} 37. Ka2 Qd3) 37. Rxe3 Qxe3 38. Qa4 {[%emt 0:00:40] Against Ne4} (38. Qc1 Qd3+ 39. Bc2 Qxf3 40. Qd1) 38... Qd3+ 39. Kb2 Rc8 {[%emt 0:00:31] Inhibits Qc6.} 40. Qb4 {[%emt 0:00:41] Against Qd2+} d4 41. Re1 Nd5 {[%emt 0:02:35] Black mates.} 42. Qa5 Ne3 43. f6 g6 44. Qa7 Kg8 45. Rxe3 Qd2+ 46. Ka3 dxe3 47. Qa6 Qc1+ 48. Ka2 Rd8 {[%emt 0:00:10] Weighted Error Value: White=0.94/Black=0.37} 0-1

[Event "AUT Bundesliga Women 2021-22"]
[Site "Austria"]
[Date "2022.04.23"]
[Round "9.16"]
[White "Zoehrer, Sarah"]
[Black "Zhbanova, Angelina"]
[Result "1-0"]
[ECO "D02"]
[WhiteElo "1650"]
[BlackElo "1586"]
[Annotator "NA RC COMBH"]
[PlyCount "139"]
[EventDate "2021.11.06"]
[EventType "team-tourn"]
[EventCountry "AUT"]
[SourceTitle "playchess.com"]
[Source "ChessBase"]
[SourceQuality "1"]
[TimeControl "40/5400+30:1800+30"]

1. d4 Nf6 2. Nf3 d5 3. Bf4 e6 4. e3 a6 5. Nbd2 c5 6. c3 Nbd7 7. Qa4 c4 8. Be2 b5 9. Qc2 Bb7 10. Ne5 Be7 11. Ndf3 h6 12. Nxd7 Nxd7 13. Ne5 Nxe5 14. Bxe5 O-O 15. Bh5 Bf6 16. Bf4 Bg5 17. Bg3 Qe7 18. O-O g6 19. Be2 f5 20. Be5 Bf6 21. f4 Bxe5 22. fxe5 a5 23. Rf3 b4 24. Rg3 Kf7 25. Rf1 Rg8 26. Rh3 Kg7 27. g4 Raf8 28. Rf4 g5 29. Rf2 b3 30. axb3 cxb3 31. Qxb3 fxg4 32. Bxg4 Rxf2 33. Kxf2 Rf8+ 34. Rf3 Ba6 35. Qd1 Qb7 36. Qc1 Rxf3+ 37. Kxf3 Qf7+ 38. Kg3 h5 39. Bf3 h4+ 40. Kg2 h3+ 41. Kg3 Qf5 42. Bg4 Qe4 43. Qg1 Qg2+ 44. Qxg2 hxg2 45. Kxg2 Bc8 46. Kf3 Kf7 47. e4 dxe4+ 48. Kxe4 Bb7+ 49. Kd3 Ba6+ 50. c4 Bb7 51. Kc3 Bc6 52. b4 axb4+ 53. Kxb4 Ke7 54. Kc5 Be4 55. d5 Bf5 56. d6+ Kd7 57. Bf3 Bg6 58. Bc6+ Kc8 59. Kd4 Kd8 60. c5 Bh5 61. Ba4 Bf3 62. c6 Bd5 63. c7+ Kc8 64. Bb5 Ba8 65. Ba6+ Bb7 66. Bxb7+ Kxb7 67. Kc5 g4 68. Kb5 g3 69. hxg3 Kc8 70. g4 1-0

[Event "AUT Bundesliga Women 2021-22"]
[Site "Austria"]
[Date "2022.04.23"]
[Round "9.17"]
[White "Berke, Ana"]
[Black "Novkovic, Julia"]
[Result "1-0"]
[ECO "C90"]
[WhiteElo "2140"]
[BlackElo "2068"]
[Annotator "TA"]
[PlyCount "143"]
[EventDate "2021.11.06"]
[EventType "team-tourn"]
[EventCountry "AUT"]
[SourceTitle "playchess.com"]
[Source "ChessBase"]
[SourceQuality "1"]
[TimeControl "40/5400+30:1800+30"]

1. e4 e5 2. Nf3 Nc6 3. Bb5 a6 4. Ba4 Nf6 5. O-O Be7 6. Re1 b5 7. Bb3 O-O 8. d3 d6 9. c3 Na5 10. Bc2 c5 11. Nbd2 Re8 12. Nf1 Nc6 13. h3 h6 14. d4 Bf8 {[%emt 0:02:30] C90: Closed Ruy Lopez with 7...d6: Early deviations.} ({Better is} 14... exd4 $11 15. cxd4 d5) 15. Ng3 g6 (15... exd4 $11 {keeps the balance.} 16. cxd4 cxd4) 16. a4 (16. d5 $5 Ne7 17. Be3 $14) 16... Bd7 {[%emt 0:03:54] White is slightly better.} 17. Be3 (17. d5 $5 Na5 18. axb5 $14) 17... Qc7 {[%emt 0:10:43] [#]} (17... exd4 $11 18. cxd4 cxd4 19. Bxd4 (19. Nxd4 Nb4 $11) 19... Nxd4 20. Qxd4 Rb8) 18. d5 $146 ({Predecessor:} 18. Qd2 Kh7 19. Bb3 c4 20. Bc2 Na5 21. axb5 axb5 22. Nh2 Nb3 23. Bxb3 cxb3 24. Rxa8 Rxa8 {1-0 (49) Gledura,B (2312)-Lengyel,B (2260) Budapest 2012}) 18... Na5 19. Nh4 Reb8 20. axb5 axb5 21. b3 {[%emt 0:00:48] Prevents Nc4.} b4 22. c4 Qd8 23. Nf3 Nb7 24. Rc1 Ra2 25. Rf1 Bg7 26. Ne1 Qc8 (26... Qf8 $11) 27. Kh2 ({White should try} 27. f4 $1 $14) 27... h5 28. f4 Bg4 29. Qd3 {[%emt 0:03:13] Hoping for fxe5.} h4 30. Nh1 Bh5 31. fxe5 dxe5 (31... Nd7 $1 $11 {and Black stays safe.} 32. e6 Ne5 33. exf7+ Nxf7) 32. Bg5 $18 Qd8 {[%emt 0:04:17][%cal Of6g4] And now ...Ng4+! would win.} 33. Nf3 Nd6 34. Bxh4 Bh6 $2 (34... Ndxe4 $16 {is a better chance.} 35. Qxe4 Nxe4 36. Bxd8 Bxf3) 35. Rce1 $2 ({White must play} 35. Nxe5 $18 Nde8 36. Ra1 Rxa1 37. Rxa1) 35... Bf4+ $2 (35... Bxf3 $14 36. Bxf6 Qxf6 37. Rxf3 Qg5) 36. Kg1 Bxf3 37. Rxf3 g5 38. Bf2 Nfxe4 39. Rxe4 f5 $2 {[%emt 0:00:09] [#]} (39... Ra1+ 40. Bb1 (40. Re1 $2 Rxe1+ 41. Bxe1 e4 $19) 40... f5 41. Rfxf4 gxf4 42. Rxe5 Qf6) 40. Rfxf4 $1 fxe4 (40... gxf4 41. Rxe5) 41. Rxe4 Nxe4 42. Qxe4 {Qh7+ would kill now.} Qd6 43. Ng3 (43. Qh7+ $142 Kf8 44. Bg6 Rxf2 45. Nxf2) 43... Rb7 44. Nf5 Qf8 45. d6 Rf7 46. Ne7+ Rxe7 47. dxe7 Qxe7 48. Qg6+ Qg7 49. Bxc5 (49. Qe8+ $142 Qf8 50. Bh7+ $1 Kg7 51. Qg6+ Kh8 52. Bg3) 49... Qxg6 50. Bxg6 {[%emt 0:00:00] This bishop pair is nice.} Ra1+ 51. Kh2 Kg7 52. Be8 Rb1 53. Ba4 e4 54. Bxb4 e3 55. Kg3 Rf1 56. Bc3+ Kh6 57. Bd4 $2 (57. c5 {Threatens to win with Bb5.} e2 58. c6) 57... e2 58. Bf2 Kh5 $2 (58... Kg6 59. Bc6 (59. Be8+ Kf5 $16) 59... e1=Q 60. Bxe1 Rxe1) 59. Bc6 ({Not} 59. Be8+ Kh6 60. b4 e1=Q 61. Bxe1 Rxe1 $18) 59... e1=Q (59... e1=B $142) 60. Bxe1 Rxe1 {[%emt 0:00:01][%mdl 4096] Endgame KR-KB} 61. b4 {[%cal Bb3b4,Bb4b5][%mdl 32] c5 is the strong threat.} Re3+ $2 (61... Rc1) 62. Kf2 Rb3 $2 {[%emt 0:00:49] [#]} (62... Rc3) 63. b5 $1 Kh4 64. Bf3 {[%emt 0:00:58] Black must now prevent Be2.} Rb4 65. Be2 {[%emt 0:00:23] Intending c5 and mate.} Rb2 66. c5 {[%emt 0:00:16][%cal Bc4c5,Bc5c6][%mdl 32] White mates.} g4 67. hxg4 Rc2 68. c6 Kg5 69. Ke3 Kh4 70. Bd3 Rc5 71. Kd4 Rg5 72. Bf5 {[%emt 0:00:07] Weighted Error Value: White=0.49/Black=0.86} 1-0